 Dungeon Crawl Stone Soup version 0.31-a0-1-g4198be8af4 (webtiles) character file.

Game seed: 13610353669160230742

1150 Jarnaxa the Chopper (level 8, -2/69 HPs)
             Began as a Purple Draconian Fighter on May 2, 2023.
             Slain by a yak (10 damage)
             ... on level 6 of the Dungeon.
             The game lasted 00:10:08 (4554 turns).

Jarnaxa the Chopper (Purple Draconian Fighter)      Turns: 4554, Time: 00:10:08

Health: -2/69      AC:  8    Str: 21    XL:     8   Next: 15%
Magic:  8/8        EV: 13    Int: 14    God:
Gold:   407        SH:  6    Dex: 11    Spells: 7/7 levels left

rFire   . . .        n - +2 hand axe (flame)
rCold   . . .        b - +1 buckler
rNeg    . . .        (body armour unavailable)
rPois   .            (helmet restricted)
rElec   .            (no cloak)
rCorr   .            p - +1 pair of gloves
SInv    .            (no boots)
Will    +....        (no amulet)
Stlth   ++           j - +6 ring of intelligence
HPRegen 0.31/turn    (no ring)
MPRegen 0.11/turn

%: no passive effects
@: no status effects
A: breathe power, AC +6, unfitting armour, cold-blooded
a: Breathe Dispelling Energy


You were on level 6 of the Dungeon.
You visited 1 branch of the dungeon, and saw 6 of its levels.

You collected 407 gold pieces.

Inventory:

Hand Weapons
 n - a +2 hand axe of flaming (weapon)
 w - a +1 war axe
Armour
 b - a +1 buckler (worn)
 p - a +1 pair of gloves (worn)
Jewellery
 j - a +6 ring of intelligence (left hand)
Wands
 h - a wand of charming (6)
Scrolls
 a - 4 scrolls of identify
 d - a scroll of poison {unknown}
 e - a scroll of amnesia {unknown}
 f - 3 scrolls of magic mapping
 i - 3 scrolls of teleportation
 m - 2 scrolls of silence
 o - a scroll of blinking
Potions
 c - a potion of might
 g - a potion of berserk rage {unknown}
 k - 4 potions of haste
 l - 2 potions of heal wounds
 q - a potion of lignification {unknown}
 r - a potion of attraction {unknown}
 s - 2 potions of ambrosia
 t - 2 potions of curing {unknown}
 u - a potion of cancellation {unknown}
 v - a potion of brilliance {unknown}


   Skills:
 + Level 5.5 Fighting
 + Level 7.0 Axes
 + Level 4.6 Dodging
 + Level 1.2 Stealth
 + Level 4.4 Shields


You had 7 spell levels left.
You didn't know any spells.
Your spell library contained the following spells:

 Spells                   Type           Power      Damage    Failure   Level
 Necrotise                Necr           0%         1d4       34%         1
 Sandblast                Erth           0%         2d4       34%         1
 Cigotuvi's Dreadful Rot  Necr/Pois/Air  0%         N/A       47%         2
 Passwall                 Tmut/Erth      0%         N/A       47%         2
 Dazzling Flash           Conj/Hex       0%         N/A       71%         3
 Stone Arrow              Conj/Erth      0%         3d7       71%         3
 Vampiric Draining        Necr           0%         2d6       71%         3
 Dispel Undead            Necr           0%         3d6       98%         4
 Agony                    Necr           0%         N/A       100%        5
 Silence                  Hex/Air        0%         N/A       100%        5
 Death Channel            Necr           0%         N/A       100%        6


Dungeon Overview and Level Annotations

Branches:
Dungeon (6/15)
 Temple: D:4-7

Altars:
Dithmenos

Shops:
D:4 [


Innate Abilities, Weirdness & Mutations

You can breathe bolts of dispelling energy.
Your rich purple scales are hard. (AC +6)
You cannot fit into any form of body armour.
You are cold-blooded and may be slowed by cold attacks.


Message History

You hit the iguana. You burn the iguana. You slash the yak! You burn the yak.
The yak gores you but does no damage. You block the iguana's attack.
The yak gores you.
You have reached level 8!
You feel agile.
You hit the yak but do no damage.
The yak is heavily wounded.
You barely miss the yak. x2; You barely miss the iguana.
You hit the yak but do no damage. The yak barely misses you.
The iguana misses you. The yak gores you but does no damage.
You block the yak's attack. x2
You slash the yak! You burn the yak.
You tail-slap the yak, but do no damage.
The yak is severely wounded.
You hit the yak. You burn the yak. You hit the iguana but do no damage.
You barely miss the yak. x2; The yak gores you.
You block the iguana's attack. You block the yak's attack.
The yak barely misses you. The yak gores you!
* * * LOW HITPOINT WARNING * * *
You barely miss the yak.
The yak is severely wounded.
You hit the yak but do no damage. x2; You hit the iguana but do no damage.
You hit the yak but do no damage. The yak completely misses you.
The yak misses you. The iguana bites you.
* * * LOW HITPOINT WARNING * * *
The yak closely misses you. The yak gores you!
* * * LOW HITPOINT WARNING * * *
You hit the yak. You burn the yak.
The yak is almost dead.
You hit the yak but do no damage. You slash the yak! You burn the yak.
You hit the yak but do no damage. You closely miss the iguana.
You block the yak's attack. You block the iguana's attack.
The yak gores you but does no damage. The yak misses you. x2
You hit the yak. You burn the yak.
You kill the yak!
You closely miss the iguana.
You barely miss the yak. x2; You hit the yak.
You burn the yak. You block the iguana's attack. The yak barely misses you. x2
The yak gores you but does no damage.
Your Axes skill increases to level 7!
You block the iguana's attack. The yak gores you!
You die...

#........... #
........... #
#.......#..........
#
##.......#..........
#
#.........#.........
#
#.........#.........
#
#........##Yl/......
#
#........##.@.......
#
#.......##.YY#......
##
#.........<#........
.##
##........#.........
..#
#.......##.........
..##
#.....###..........
...####...##
..........
....##...##
##........
.......### ##....


You could see 3 yaks and an iguana.

Vanquished Creatures
  2 yaks (D:6)
  A black bear (D:6)
  An ogre (D:5)
  A centaur (D:6)
  2 jellies
  3 hounds
  2 orc priests (D:3)
  A sleepcap (D:4)
  4 iguanas
  2 orc wizards
  7 gnolls
  5 adders
  A shadow imp (D:6)
  A white imp (D:6)
  An ufetubus (D:6)
  10 orcs
  10 ball pythons
  5 endoplasms
  6 giant cockroaches
  10 goblins
  6 hobgoblins
  6 jackals (D:2)
  13 kobolds
  A quokka (D:1)
  7 bats
  6 frilled lizards
  7 rats
121 creatures vanquished.

Notes
Turn   | Place    | Note
-------+----------+-------------------------------------------
     0 | D:1      | Jarnaxa the Draconian Fighter began the quest for the Orb.
     0 | D:1      | Reached XP level 1. HP: 19/19 MP: 1/1
    60 | D:1      | Reached XP level 2. HP: 24/27 MP: 2/2
   625 | D:2      | Reached XP level 3. HP: 32/33 MP: 3/3
  1114 | D:2      | Reached skill level 3 in Axes
  1193 | D:2      | Found a faded altar of an unknown god.
  1220 | D:2      | Reached XP level 4. HP: 31/40 MP: 4/4
  1899 | D:3      | You fall into a shaft and drop 1 floor!
  1957 | D:4      | Reached XP level 5. HP: 46/46 MP: 5/5
  2073 | D:3      | Reached skill level 4 in Axes
  2500 | D:3      | Reached XP level 6. HP: 49/53 MP: 6/6
  3071 | D:4      | Found Urphog's Antique Armour Shop.
  3259 | D:4      | Reached skill level 5 in Axes
  3391 | D:5      | Entered Level 5 of the Dungeon
  3642 | D:5      | Your scales start taking on a rich purple colour.
  3642 | D:5      | Reached XP level 7. HP: 40/60 MP: 7/7
  3891 | D:5      | Found a shadowy altar of Dithmenos.
  4193 | D:5      | Reached skill level 1 in Stealth
  4309 | D:6      | Reached skill level 5 in Fighting
  4312 | D:6      | Reached skill level 6 in Axes
  4538 | D:6      | Noticed a yak
  4539 | D:6      | Noticed a yak
  4539 | D:6      | Noticed a yak
  4540 | D:6      | Noticed a yak
  4542 | D:6      | Noticed a yak
  4548 | D:6      | Killed a yak
  4549 | D:6      | Reached XP level 8. HP: 27/69 MP: 8/8
  4554 | D:6      | Reached skill level 7 in Axes
  4554 | D:6      | Slain by a yak

Illustrated notes

Levels and vault maps discovered:
D:1:      dpeg_arrival_fog, layout_rooms
D:2:      minmay_razor_zed, layout_loops_corners,
          hellmonk_ecumenical_altar_defaced_shrine, minivault_25
D:3:      layout_loops_corners, minivault_25
D:4:      layout_basic, serial_shops, shop
D:5:      minmay_spotlight, layout_loops_ring, grunt_dithmenos_smoke_and_mirrors
D:6:      layout_cave_pods, mainiacjoe_overflow_concentric_impassable,
          minmay_temple_entry_butterflies, serial_shops, nicolae_shop_peninsula

Skill      XL: |  1  2  3  4  5  6  7  8 |
---------------+-------------------------+-----
Dodging        | 3 4 |  4.6
Axes           | 3 4 5 6 7 |  7.0
Fighting       | 4 5 |  5.5
Shields        | 4 |  4.4
Stealth        | 1 |  1.2

Action                     |  1- 3 |  4- 6 |  7- 9 || total
---------------------------+-------+-------+-------++-------
  Melee: War axe           |    98 |       |       ||    98
         Tailslap          |    13 |    15 |     8 ||    36
         Hand axe          |    12 |   159 |    58 ||   229
    Use: Scroll            |       |    12 |       ||    12
   Stab: Sleeping          |       |     1 |       ||     1
 Armour: Skin              |    32 |    45 |    31 ||   108
  Dodge: Dodged            |    72 |   105 |    55 ||   232
  Block: Buckler           |    29 |    28 |    26 ||    83

Table legend: (Time is in decaauts)
 A = Elapsed time spent in this place.
 B = Non-inter-level travel time spent in this place.
 C = Inter-level travel time spent in this place.
 D = Time resting spent in this place.
 E = Time spent auto-exploring this place.
 F = Levels seen in this place.
 G = Mean time per level.
                   A        B        C        D        E       F      G
               +--------+--------+--------+--------+--------+-----+--------+
         Total |   4622 |   4518 |    104 |      0 |   3576 |   6 |  770.3 |
       Dungeon |   4622 |   4518 |    104 |      0 |   3576 |   6 |  770.3 |
               +--------+--------+--------+--------+--------+-----+--------+

Top non-repeatable levels by time:
     D:2: 1215 daAuts
     D:3: 971 daAuts
     D:5: 826 daAuts
     D:4: 736 daAuts
     D:1: 535 daAuts
     D:6: 337 daAuts
